Cogmind - Beta 10.2 @@@ ROGUE MODE // 2021.08.22 @ 23:28:07 Player: cavemonk Result: Destroyed by D-53 Grenadier with Mini Grenade Launcher Performance ------------- Evolutions (0) 0 Regions Visited (2) 400 Robots Destroyed (15) 75 Value Destroyed (268) 268 Prototype IDs (4) 80 Alien Tech Used (0) 0 Bonus (0) 0 TOTAL SCORE: 823 Bonus ------- None Cogmind --------- Core Integrity 0/250 Matter 90/300 Energy 249/250 System Corruption 0% Temperature Cool (0) Movement Rolling (100) Ox2 Location -10/Mines Parts ------- > --- POWER (1) -------- Ion Engine > --- PROPULSION (2) --- Wheel > --- UTILITY (2) ------ Large Storage Unit > --- WEAPON (2) ------- (None) > --- INVENTORY (10) --- Ion Engine Light Treads Improved Heat Sink Large Storage Unit Large Storage Unit Medium Laser Assault Rifle Assault Rifle Grenade Launcher Mining Laser Peak State ------------ > --- POWER ------------ Ion Engine > --- PROPULSION ------- Aluminum Leg Aluminum Leg > --- UTILITY ---------- Small Storage Unit Improved Terrain Scanner > --- WEAPON ----------- Medium Laser Assault Rifle > --- INVENTORY -------- Light Ion Engine Light Treads Light Treads Wheel Wheel Small Laser [Rating: 8] Favorites ----------- Power Ion Engine Engine Ion Engine Propulsion Light Treads Treads Light Treads Leg Aluminum Leg Wheel Wheel Utility Large Storage Unit Device Improved Terrain Scanner Storage Large Storage Unit Protection Light Armor Plating Weapon Assault Rifle Energy Gun Medium Laser Ballistic Gun Assault Rifle Launcher Grenade Launcher Special Weapon Mining Laser Build | -11 -10 -10 ------- Run | Scr Mat Min Slots Evolved . | . . . Power . | . . . Propulsion . | . . . Utility . | . . . Weapon . | . . . Parts Attached 16 | 3 11 2 Power 2 | . 2 . Engine 2 | . 2 . Core . | . . . Reactor . | . . . Propulsion 4 | 2 1 1 Treads 2 | 1 1 . Leg . | . . . Wheel 2 | 1 . 1 Hover . | . . . Flight . | . . . Utility 5 | 1 4 . Device 2 | 1 1 . Storage 2 | . 2 . Processor . | . . . Hackware . | . . . Protection 1 | . 1 . Artifact . | . . . Weapon 5 | . 4 1 Energy Gun . | . . . Energy Cannon . | . . . Ballistic Gun 2 | . 2 . Ballistic Cannon . | . . . Launcher 2 | . 1 1 Special Weapon 1 | . 1 . Impact Weapon . | . . . Slashing Weapon . | . . . Piercing Weapon . | . . . Special Melee Weapon . | . . . Unidentified Prototypes . | . . . Parts Lost 4 | . . 4 Power . | . . . Propulsion 1 | . . 1 Utility 1 | . . 1 Weapon 2 | . . 2 Highest Loss Streak 2 | . . 2 Average Slot Usage (%) 95 | . 99 81 Engine 14 | . 14 14 Treads 15 | . 16 10 Wheel 11 | . 11 13 Device 10 | . 13 . Storage 12 | . 11 14 Protection 2 | . 2 2 Energy Gun 9 | . 11 . Ballistic Gun 13 | . 13 13 Launcher 3 | . 1 13 Special Weapon 1 | . 1 . Naked Turns . | . . . Heaviest Build 29 | 14 29 29 Greatest Support 40 | 20 40 20 Greatest Overweight (x) 2 | 1 2 2 Average Overweight (x) 1 | . 1 1 Largest Inventory Capacity 10 | 6 10 10 Average Capacity 8 | 6 8 10 Most Carried 10 | 6 10 10 Average Carried 6 | 4 6 10 Final Capacity 10 | 6 10 10 Final Carried 10 | 5 10 10 Class Distribution -------------------- 100% | Mutant Dominant Class ---------------- Mutant | -10/Materials Mutant | -10/Mines Resources | -11 -10 -10 ----------- Run | Scr Mat Min Matter Collected 399 | 271 128 . Remotely . | . . . Salvage Created 450 | 180 255 15 Parts 25 | 11 10 4 Haulers Intercepted . | . . . Recyclers Shooed 1 | . 1 . Parts Field Recycled . | . . . Retrieved Matter . | . . . Parts Self-Destructed . | . . . Prevented . | . . . Kills | -11 -10 -10 ------- Run | Scr Mat Min Combat Hostiles Destroyed 17 | . 5 12 Guns 5 | . 5 . AOE 12 | . . 12 Classes Destroyed 6 | 2 2 2 Worker 1 | . 1 . Tunneler 5 | 5 . . Recycler 1 | 1 . . Swarmer 3 | . . 3 Grunt 5 | . 5 . Assembled 9 | . . 9 Best Kill Streak 6 | 4 3 6 Combat Bots Only 6 | . 2 6 Max Kills in Single Turn 2 | 1 1 2 Gunslinging . | . . . Exploded 2 | . . 2 Melee . | . . . Uniques/NPCs Destroyed . | . . . Combat | -11 -10 -10 -------- Run | Scr Mat Min Damage Taken 859 | . 358 501 Core 252 | . 81 171 Absorbed by Shields . | . . . Core Remaining (%) 100 | 100 . . Volleys Fired 56 | 15 25 16 Largest 2 | 2 2 1 Hottest 100 | 70 100 30 Shots Fired 90 | 30 44 16 Gun 68 | 30 38 . Cannon . | . . . Launcher 16 | . . 16 Special 6 | . 6 . Kinetic 41 | 15 26 . Thermal 33 | 15 18 . Explosive 16 | . . 16 Electromagnetic . | . . . Robot Hit Streak 15 | 12 15 5 Robot Miss Streak 2 | 2 2 1 Penetration Max . | . . . Secondary Targets 2 | . 2 . Max Gunslinging Chain 1 | . 1 . Shots Hit Robots 63 | 22 32 9 Core Hits 40 | 7 12 21 Critical Hits . | . . . Critical Kills . | . . . Critical Parts Destroyed . | . . . Melee Attacks . | . . . Impact . | . . . Slashing . | . . . Piercing . | . . . Sneak Attacks . | . . . Combat Hostiles . | . . . Follow-up Attacks . | . . . Damage Inflicted 1495 | 247 447 801 Guns 663 | 247 416 . Cannons . | . . . Explosions 796 | . . 796 Melee . | . . . Ramming 36 | . 31 5 Kinetic 389 | 110 279 . Thermal 274 | 137 137 . Explosive 796 | . . 796 Electromagnetic . | . . . Impact . | . . . Slashing . | . . . Piercing . | . . . Highest Corruption . | . . . Average Corruption . | . . . Corruption Purged . | . . . Overload Shots . | . . . Overflow Damage 16 | . . 16 Projectiles . | . . . Explosions 16 | . . 16 Melee . | . . . Knockbacks 2 | . 2 . Impact 2 | . 2 . Kinetic . | . . . Secondary . | . . . Self-Inflicted Damage 154 | . . 154 Shots 8 | . . 8 Rammed 4 | . 3 1 Targets Rammed 5 | . 4 1 Kicked . | . . . Crushed 1 | . 1 . Highest Temperature 144 | 72 144 15 Average Temperature 39 | 27 47 10 Received Heat Transfer 230 | . 210 20 Siege Activations . | . . . Robots Corrupted . | . . . Combat Hostiles . | . . . Parts Fried . | . . . Impact Corruptions . | . . . Robots Melted . | . . . Combat Hostiles . | . . . Parts Melted 2 | . 2 . Heat Transferred 814 | 407 407 . Parts Sabotaged . | . . . Parts Stolen . | . . . Parts Stripped . | . . . Power Chain Reactions . | . . . Missiles Intercepted . | . . . Alert | -11 -10 -10 ------- Run | Scr Mat Min Peak Influence 153 | 30 153 128 Initial 48 | . 19 48 Average 83 | 13 85 113 Maximum Alert Level . | . . . Low Security (%) 100 | 100 100 100 Level 1 . | . . . Level 2 . | . . . Level 3 . | . . . Level 4 . | . . . Level 5 . | . . . High Security . | . . . Max Security . | . . . Squads Dispatched . | . . . Investigation . | . . . Extermination . | . . . Reinforcement . | . . . Assault . | . . . Garrison . | . . . Intercept . | . . . Construction Impeded . | . . . Haulers Reinforced . | . . . Stealth | -11 -10 -10 --------- Run | Scr Mat Min Distress Signals 3 | . 3 . Communications Jammed . | . . . Distress Signals . | . . . Times Spotted 26 | . 12 14 Peak Tracking Total 6 | . 3 6 Tactical Retreats 2 | . 2 . Traps | -11 -10 -10 ------- Run | Scr Mat Min Traps Triggered 1 | . 1 . Indirectly . | . . . Trap Hack Attempts . | . . . Triggered . | . . . Disarmed . | . . . Reprogrammed . | . . . Reused . | . . . Traps Extracted . | . . . Installed . | . . . Triggered . | . . . Machines | -11 -10 -10 ---------- Run | Scr Mat Min Machines Disabled . | . . . Max in Single Turn . | . . . Machines Sabotaged . | . . . Garrisons Compromised . | . . . Overloaded Fab Kills . | . . . Fab Network Shutdowns . | . . . Hacking | -11 -10 -10 --------- Run | Scr Mat Min Machines Accessed 6 | . 5 1 Terminals 6 | . 5 1 Fabricators . | . . . Repair Stations . | . . . Recycling Units . | . . . Scanalyzers . | . . . Garrison Access . | . . . Total Hacks 24 | . 18 6 Successful 11 | . 10 1 Failed 13 | . 8 5 Catastrophic 1 | . 1 . Database Lockouts . | . . . Manual 20 | . 14 6 Terminals 24 | . 18 6 Fabricators . | . . . Repair Stations . | . . . Recycling Units . | . . . Scanalyzers . | . . . Garrison Access . | . . . Terminal Hacks 8 | . 7 1 Part Schematic 1 | . 1 . Robot Analysis 1 | . 1 . Prototype ID Bank 3 | . 2 1 Branch Access Points 1 | . 1 . Terminal Index 1 | . 1 . Zone Layout 1 | . 1 . Fabricator Hacks . | . . . Repair Station Hacks . | . . . Recycling Unit Hacks . | . . . Scanalyzer . | . . . Garrison Access Hacks . | . . . Unauthorized Hacks 3 | . 3 . Terminals 3 | . 3 . Track 2 | . 2 . Operators 1 | . 1 . Fabricators . | . . . Repair Stations . | . . . Recycling Units . | . . . Scanalyzers . | . . . Garrison Access . | . . . Data Cores Recovered . | . . . Used . | . . . Hacking Detections 6 | . 5 1 Full Trace Events . | . . . Feedback Events . | . . . Feedback Blocked . | . . . Robot Schematics Acquired . | . . . Robots Built . | . . . Matter . | . . . Time . | . . . Total Robot Build Rating . | . . . Part Schematics Acquired 1 | . 1 . Parts Built . | . . . Matter . | . . . Time . | . . . Total Part Build Rating . | . . . Parts Repaired . | . . . Time . | . . . Parts Recycled . | . . . Recycled Matter . | . . . Retrieved Matter . | . . . Retrieved Components . | . . . Parts Scanalyzed . | . . . Part Schematics Acquired . | . . . Parts Damaged . | . . . Bothacking | -11 -10 -10 ------------ Run | Scr Mat Min Used RIF Installer . | . . . Robots Hacked . | . . . Non-combat . | . . . Combat . | . . . Robot Hacks Applied . | . . . Relay Couplers Released . | . . . Robots Rewired . | . . . Allies Hacked . | . . . Hacks Repelled . | . . . Allies | -11 -10 -10 -------- Run | Scr Mat Min Total Allies . | . . . Largest Group . | . . . Highest-Rated Group . | . . . Highest-Rated Ally . | . . . Total Orders . | . . . Ally Attacks . | . . . Total Damage . | . . . Kills . | . . . Allies Corrupted . | . . . Allies Melted . | . . . Intel | -11 -10 -10 ------- Run | Scr Mat Min Robot Analysis Total 1 | . 1 . Derelict Logs Recovered . | . . . Drone Launches . | . . . Drone Recoveries . | . . . Exploration | -11 -10 -10 ------------- Run | Scr Mat Min Turns Passed 969 | 97 687 185 Spaces Moved 563 | 47 372 144 Core . | . . . Treads 50 | . 48 2 Legs 14 | 14 . . Wheels 499 | 33 324 142 Hover . | . . . Flight . | . . . Fastest Speed 80 | 90 80 100 Average Speed 101 | 98 101 101 Slowest Speed 180 | 120 160 180 Overloaded Moves . | . . . Propulsion Burnouts . | . . . Robots Hopped . | . . . Cave-ins Triggered . | . . . Exploration Rate (%) 36 | 3 71 34 Regions Visited 2 Branch Regions 1 Pre-discovered Areas . | . . . Known Exits Taken 1 | . 1 . Unknown Exits Taken 1 | 1 . . Scrap Searched . | . . . Spaces Dug 33 | . 4 29 Terrain Destroyed 109 | . 4 105 Melee . | . . . Projectile 4 | . 4 . AOE 105 | . . 105 Terrain Rammed . | . . . Walls Destroyed . | . . . Machines Disabled . | . . . Actions | -11 -10 -10 --------- Run | Scr Mat Min Total 854 | 67 621 166 Wait 194 | . 191 3 Move 561 | 46 371 144 Hop . | . . . Pick Up 11 | 1 10 . Fast Attach 5 | 1 4 . Attach 3 | 2 1 . Detach . | . . . Swap 8 | . 6 2 Drop 11 | 2 9 . Fire 56 | 15 25 16 Melee . | . . . Ram . | . . . Kick . | . . . Crush 5 | . 4 1 Escape Stasis . | . . . Rewire . | . . . Trap . | . . . Miscellaneous . | . . . Route ------- -11/Scrapyard -10/Materials (discovered 4 exits: [*Mat x2] / *Min x2) -10/Mines History --------- Turn | Location | Event 1 | -11/Scrapyard | Discovered new exit (range 3) 98 | -11/Scrapyard | Entered Materials 187 | -10/Materials | Discovered new exit (range 10) 226 | -10/Materials | Discovered new exit (range 3) 305 | -10/Materials | Identified exit to Mines 319 | -10/Materials | Build established: Mutant 437 | -10/Materials | Discovered new exit (range 11) 785 | -10/Materials | Entered Mines 786 | -10/Mines | Assembled infested the area 791 | -10/Mines | Assisted by a Guerilla fighting off Assembled 918 | -10/Mines | Core integrity fell below 50% 970 | -10/Mines | Core integrity fell below 20% 970 | -10/Mines | Destroyed by D-53 Grenadier with Mini Grenade Launcher Last Messages --------------- 00816_ as-36122 destroyed. 00818_ as-59551 destroyed. 00820_ as-54366 destroyed. 00822_ as-83660 destroyed. 00825_ The unstable cave ceiling collapses. 00878_ Slammed into T-07 Excavator. 00891_ Connecting with Terminal... >>Prototypes Downloading prototype IDs... Imp. Flight Unit Imp. Assault Rifle 00915_ Lgt. Treads destroyed. 00915_ Destroyed Lgt. Treads. 00917_ as-46076 destroyed. 00918_ The unstable cave ceiling collapses. 00936_ as-95637 destroyed. 00954_ as-22379 destroyed. 00955_ The unstable cave ceiling collapses. 00968_ Grenade Launcher destroyed. 00969_ Assault Rifle destroyed. Map ----- +----------------------------------------------------+ | | | | | | | | | | | | | | | | | ???????????????????????????????? | | ???????????????????????????????? | | ???????????????????????????????? | | ????????????###????????????????? | | ???????????# ##???????????????? | | ??????????# ##??????????????? | | ?????????# #### ?????????? | | ????????? ?????????? | | ?????#### ?????????? | | ????## ????????? | | ???## d ????????? | | ??## d ???????? | | ??# ???????? | | ??# ???????? | | ??# * ???????? | | ?## ### % ???????? | | ?# #??????????????????? | | ?# @ ##??????????????????? | | ?## #???????????????????? | | ?# ####???????????????????? | | ?# ##?????????????????????? | | ?## #?????????????????????? | | ?# #?????????????????????? | | ?##### #?????????????????????? | | ?????## #?????????????????????? | | ?????## #?????????????????????? | | ????## ##????????????????????? | | ???## #######??????????????? | | ???# ##?????????????? | | ???# #?????????????? | | ???# #?????????????? | | ???# ##?????????????? | | ???# ###??????????????? | | ???# ##########??????? | | ???### ?????? | | ?????## ??????? | | ??????### ##########???????? | | ??????# #????????????????? | | ??????## ## ##???########?????? | | ???????#### #???# #?????? | | ??????????## #???# """ #?????? | | ???????????# ##???# """ ###???? | +----------------------------------------------------+ Best States ------------- Heat Dissipation 25 Energy Generation 10 Energy Capacity 250 Matter Stores 300 Matter Capacity 300 Sight Range 16 Terrain Scan Range 16 Terrain Scan Density 10 Armor Coverage 150 Evasion (%) 44 Recoil Reduction 2 Item Schematics ----------------- Hcp. Storage Unit | -10/Materials | Hacked Robot Schematics ------------------ None Fabricated ------------ Nothing Alien Tech Used ----------------- None Achievements -------------- None Challenges ------------ None Game ------ Seed NeutronPowerMatter Manual? 0 Play Time 00:12:48 Cumulative 245.8 hours Start 2021.08.22 @ 23:16:51 End 2021.08.22 @ 23:28:07 Sessions 1 Manual Loads 0 Difficulty Rogue Special Mode None Game No. 183 Rogue 183 Adventurer 0 Explorer 0 Win Type - Total 5 Types 5/0/0/0/0/0/0/0/0 Lore% 49 Gallery% 72 Achievement% 56 Wizard Run 0 Options --------- ASCII 0 Keyboard 0 Movement Numpad Keybinds 0 Fullscreen 2 Font 18/TerminusBold Map View 76x50 Tactical HUD 1 Map Filters NONE Filters NONE Steam 1 RUN: 0bb59231-7633-4d5f-a75e-64cffe8cf458